 Dungeon Crawl Stone Soup version 0.30-b1-2-g02819fbbbe (webtiles) character file.

Game seed: 8152647819829989591

37 prikolics the Grasshopper (level 3, 0/32 HPs)
             Began as a Naga Warper on Aug 8, 2023.
             Slain by a cerulean imp
             ... wielding a +1 spear
             ... summoned by Natasha
              (3 damage)
             ... on level 2 of the Dungeon.
             The game lasted 00:07:58 (1086 turns).

prikolics the Grasshopper (Naga Warper)             Turns: 1086, Time: 00:07:58

Health: 0/32       AC:  5    Str: 13    XL:     3   Next: 41%
Magic:  2/6        EV:  9    Int: 15    God:
Gold:   102        SH:  0    Dex: 10    Spells: 3/6 levels left

rFire   . . .        a - +0 spear
rCold   + . .        (no shield)
rNeg    . . .        b - +0 leather armour
rPois   +            e - +0 helmet
rElec   .            r - +0 cloak
rCorr   .            h - +0 pair of gloves
SInv    +            (no barding)
Will    .....        (no amulet)
Stlth   +            k - ring of protection from cold
HPRegen 0.25/turn    (no ring)
MPRegen 0.10/turn

%: no passive effects
@: short of breath, very slow
A: AC +1, large, see invisible, deformed body, poison resistance, slowness 2,
spit poison 1, naga tail 1
a: Spit Poison


You were on level 2 of the Dungeon.
You visited 1 branch of the dungeon, and saw 2 of its levels.

You collected 102 gold pieces.

Inventory:

Hand Weapons
 a - a +0 spear (weapon)
Missiles
 d - 7 boomerangs of dispersal
 m - a throwing net
 n - 8 stones
 o - 3 javelins (quivered)
Armour
 b - a +0 leather armour (worn)
 e - a +0 helmet (worn)
 h - a +0 pair of gloves (worn)
 r - a +0 cloak (worn)
Jewellery
 k - a ring of protection from cold (left hand)
Scrolls
 c - 2 scrolls of blinking
 j - 3 scrolls of identify {unknown}
 l - a scroll of noise {unknown}
 p - a scroll of magic mapping {unknown}
 q - a scroll of teleportation {unknown}
Potions
 f - a potion of might {unknown}
 g - a potion of lignification {unknown}
 i - 3 potions of curing {unknown}


   Skills:
 + Level 2.2 Fighting
 + Level 2.1 Polearms
 + Level 0.8 Throwing
 - Level 0.7 Armour
 + Level 1.8 Dodging
 * Level 1.8 Stealth
 + Level 2.3 Spellcasting
 * Level 0.4 Conjurations
 * Level 3.3 Translocations


You had 3 spell levels left.
You knew the following spells:

 Your Spells              Type           Power      Damage    Failure   Level
a - Blink                 Tloc           22%        N/A       11%         2
b - Magic Dart            Conj           8%         1d3       24%         1

Your spell library contained the following spells:

 Spells                   Type           Power      Damage    Failure   Level
 Lesser Beckoning         Tloc           22%        N/A       11%         2
 Teleport Other           Tloc           11%        N/A       21%         3
 Searing Ray              Conj           4%         2d4       34%         2
 Vhi's Electric Charge    Tloc/Air       12%        N/A       38%         3
 Manifold Assault         Tloc           11%        N/A       56%         4
 Fulminant Prism          Conj/Hex       1%         3d5       94%         4


Dungeon Overview and Level Annotations

Branches:
Dungeon (2/15)

Altars:

Shops:
D:2 *

Annotations:
D:2 Natasha, Sigmund


Innate Abilities, Weirdness & Mutations

Your serpentine skin is tough. (AC +1)
You have supernaturally acute eyesight. (SInv)
Armour fits poorly on your strangely shaped body.
Your system is resistant to poisons. (rPois)
You cover ground very slowly.
You can spit poison.
You have a snake-like lower body.


Message History

You hit Natasha.
Natasha is severely wounded.
Natasha mumbles some strange words.
Aiming: Spit Poison (2% risk of failure)
Press: ? - help, Shift-Dir - straight line, f/p - Natasha
Aim: Natasha (severely wounded, 50% to hit)
The splash of poison hits Natasha.
Natasha is almost dead.
Natasha casts a spell.
The cerulean imp hits you but does no damage.
You closely miss Natasha.
Natasha is almost dead.
Natasha barely misses you.
The cerulean imp hits you but does no damage.
The cerulean imp closely misses you.
You barely miss Natasha.
Natasha is almost dead.
You have got your breath back.
Natasha barely misses you.
The cerulean imp hits you from afar with a +1 spear.
The cerulean imp hits you with a +0 spear.
Your magical contamination has completely faded away.
You closely miss Natasha.
Natasha is almost dead.
You feel stable enough to blink again. Natasha claws you.
The cerulean imp hits you from afar with a +1 spear.
* * * LOW HITPOINT WARNING * * *
The cerulean imp hits you but does no damage.
Aiming: Spit Poison (2% risk of failure)
Press: ? - help, Shift-Dir - straight line, f/p - Natasha
Aim: Natasha (severely wounded, 50% to hit)
The splash of poison hits Natasha but does no damage.
Natasha is poisoned.
Natasha is severely wounded.
Natasha stares at you and mumbles some strange words.
The magic dart hits you.
* * * LOW HITPOINT WARNING * * *
The cerulean imp hits you from afar with a +1 spear.
You die...

###
#.#....#
###.###..#
........#
#.#.####.#
#.#......#
#....#####
####5#
#h#####.##
#.@5......
#######...


You could see Natasha (poisoned) and 2 cerulean imps.

Vanquished Creatures
  A gnoll (D:1)
  2 dart slugs (D:1)
  3 endoplasms (D:1)
  A giant cockroach (D:2)
  A goblin (D:1)
  A hobgoblin (D:2)
  3 quokkas (D:1)
  4 ball pythons
  3 bats (D:1)
  A frilled lizard (D:1)
  2 kobolds
  A rat (D:1)
23 creatures vanquished.

Notes
Turn   | Place    | Note
-------+----------+-------------------------------------------
     0 | D:1      | prikolics the Naga Warper began the quest for the Orb.
     0 | D:1      | Reached XP level 1. HP: 19/19 MP: 3/3
   169 | D:1      | Reached XP level 2. HP: 26/26 MP: 5/5
   172 | D:1      | Learned a level 2 spell: Blink
   214 | D:1      | Learned a level 1 spell: Magic Dart
   250 | D:1      | Reached skill level 1 in Stealth
   480 | D:1      | Reached XP level 3. HP: 32/32 MP: 6/6
   748 | D:2      | Noticed Sigmund
   757 | D:2      | Found a faded altar of an unknown god.
   757 | D:2      | Noticed a hellwing
   976 | D:2      | Found Ruefa Yqyi's General Store.
  1071 | D:2      | Noticed Natasha
  1086 | D:2      | Slain by a cerulean imp

Illustrated notes

Levels and vault maps discovered:
D:1:      erik_arrival_triangle_medium, layout_rooms
D:2:      layout_basic, dreamdust_ecumenical_altar_sealed_demon, serial_shops,
          shop, uniq_sigmund, uniq_natasha

Skill      XL: |  1  2 |
---------------+-------+-----
Stealth        | 1 |  1.8
Fighting       | |  2.2
Polearms       | |  2.1
Throwing       | |  0.8
Armour         | |  0.7
Dodging        | |  1.8
Spellcasting   | |  2.3
Conjurations   | |  0.4
Translocations | |  3.3

Action                     || total
---------------------------++-------
  Melee: Spear             ||    59
         Punch             ||     1
  Throw: Javelin           ||     2
         Throwing net      ||     1
   Cast: Blink             ||     2
Ability: Spit Poison       ||    25
 Armour: Leather armour    ||    20
  Dodge: Dodged            ||    30
